 Dungeon Crawl Stone Soup version 0.14-a0-3315-g09e681a (webtiles) character file.

133 4tharraofdagon the Chiller (level 4, -3/30 HPs)
             Began as a Mummy Ice Elementalist on Mar 15, 2014.
             Slain by an orc (5 damage)
             ... on Level 6 of the Dungeon.
             The game lasted 00:03:50 (777 turns).

4tharraofdagon the Chiller (Mummy Ice Elementalist)  Turns: 777, Time: 00:03:51

HP  -3/30        AC  3     Str 11      XL: 4   Next:  1%
MP   1/8         EV 12     Int 15      God:
Gold 65          SH  0     Dex 12      Spells:  1 memorised,  7 levels left

rFire  x . .     SeeInvis .     f - +0,+2 dagger (venom)
rCold  + . .     Clarity  .     a - +0 robe
rNeg   + + +     Conserve .     (no shield)
rPois  +         rCorr    .     l - +0 helmet
rElec  .         rRot     +     (no cloak)
SustAb . .       Spirit   .     (no gloves)
rMut   .         Warding  .     (no boots)
Saprov . . .     Stasis   .     (no amulet)
MR     .....                    (no ring)
                                (no ring)

@: not resistant to hostile enchantments, unstealthy
A: no food or potions, fire vulnerability, restore body, cold resistance 1, life
protection 3, poison resistance, torment resistance, unbreathing
a: no special abilities


You were on level 6 of the Dungeon.
You were not hungry.

You visited 1 branch of the dungeon, and saw 6 of its levels.

You collected 65 gold pieces.

Inventory:

Hand weapons
 c - a +0,+0 mace
 f - a +0,+2 dagger of venom (weapon)
Armour
 a - a +0 robe (worn)
 l - a +0 helmet (worn)
Scrolls
 d - a scroll of identify {unknown}
 e - a scroll of recharging {unknown}
 h - a scroll of immolation {unknown}
 k - a scroll of fog {unknown}
Jewellery
 n - an uncursed ring of fire
Potions
 g - a potion of might {unknown}
 i - 2 potions of heal wounds {unknown}
 j - a potion of restore abilities {unknown}
 m - a potion of brilliance {unknown}
 o - a potion of invisibility {unknown}
Books
 b - a book of Frost

   Spells                             Type                      Level
   *Freeze                            Ice                          1
   Throw Frost                        Conjuration/Ice              2
   Ozocubu's Armour                   Charms/Ice                   3
   Throw Icicle                       Conjuration/Ice              4
   Summon Ice Beast                   Ice/Summoning                4
   Condensation Shield                Ice                          4


   Skills:
 - Level 1.5 Dodging
 - Level 1.5 Stealth
 + Level 2.7 Spellcasting
   Level 0.7 Conjurations
 * Level 3.5 Ice Magic


You had 7 spell levels left.
You knew the following spells:

 Your Spells              Type           Power        Failure   Level  Hunger
a - Freeze                Ice            ##..         6%          1    N/A

Dungeon Overview and Level Annotations

Branches:
Dungeon (6/15)
 Temple: D:4-7

Altars:


Innate Abilities, Weirdness & Mutations

You do not eat or drink.
Your flesh is vulnerable to fire.
Your flesh is cold resistant.
You are immune to negative energy.
Your system is resistant to poisons.
You are immune to unholy pain and torment.
You can survive without breathing.


Message History

The ball python constricts you.
Unknown command.
Casting: Freeze
Confirm with . or Enter, or press ? or * to list all spells.
Aiming: Freeze
Press: ? - help, Shift-Dir - straight line, f - ball python
Aim: a ball python (constricting you)
You freeze the ball python.
You kill the ball python!
You have reached level 4!
Unknown command.
Casting: Freeze
Confirm with . or Enter, or press ? or * to list all spells.
Aiming: Freeze
Press: ? - help, Shift-Dir - straight line, f - orc
Aim: an orc You freeze the orc.
The orc is lightly wounded.
The orc hits you.
You die... ....############# ......oo@oo...... ....######..####. .# #

You could see 4 orcs.

Vanquished Creatures
  A hound (D:5)
  An adder (D:4)
  An orc (D:6)
  A ball python (D:6)
  2 giant cockroaches
  2 goblins
  A hobgoblin (D:1)
  5 jackals
  4 kobolds
  A quokka (D:2)
  3 bats
  3 rats
25 creatures vanquished.

Notes
Turn   | Place    | Note
--------------------------------------------------------------
     0 | D:1      | 4tharraofdagon, the Mummy Ice Elementalist, began the quest for the Orb.
     0 | D:1      | Reached XP level 1. HP: 13/13 MP: 3/3
   203 | D:1      | Reached XP level 2. HP: 14/19 MP: 0/4
   494 | D:4      | Reached skill level 3 in Ice Magic
   546 | D:4      | Reached XP level 3. HP: 6/24 MP: 0/6
   614 | D:5      | Entered Level 5 of the Dungeon
   776 | D:6      | Reached XP level 4. HP: 2/30 MP: 1/8
   777 | D:6      | Slain by an orc

Action                   |  1- 3 |  4- 6 || total
-------------------------+-------+-------++-------
Melee: Mace              |    14 |       ||    14
       Dagger            |    13 |       ||    13
 Cast: Freeze            |    33 |     2 ||    35
 Stab: Sleeping          |     1 |       ||     1
